 Dungeon Crawl Stone Soup version 0.18.1-6-gd335043 (webtiles) character file.

108 Gorice the Slasher (level 5, 0/41 HPs)
             Began as a Human Fighter on May 18, 2016.
             Succumbed to an adder's poison
             ... on level 2 of the Dungeon.
             The game lasted 00:03:18 (1413 turns).

Gorice the Slasher (Human Fighter)                  Turns: 1413, Time: 00:03:19

Health: 0/41       AC:  7    Str: 17    XL:     5   Next: 12%
Magic:  5/5        EV: 12    Int: 14    God:
Gold:   88         SH:  9    Dex: 14    Spells: 0 memorised, 4 levels left

rFire  . . .     SeeInvis .     a - +0 long sword
rCold  . . .     Gourm    .     b - +0 scale mail
rNeg   . . .     Faith    .     c - +0 shield
rPois  .         Spirit   .     k - +0 helmet
rElec  .         Dismiss  .     (no cloak)
rCorr  .         Reflect  .     (no gloves)
SustAt .         Harm     .     (no boots)
MR     .....                    (no amulet)
Stlth  +.........               (no ring)
                                n - -3 ring of dexterity (curse)

@: brilliant, agile, lethally poisoned (0 -> -7), not resistant to hostile
enchantments, very unstealthy
A: no striking features
a: no special abilities


You were on level 2 of the Dungeon.
You were not hungry.

You visited 1 branch of the dungeon, and saw 2 of its levels.

You collected 88 gold pieces.

Inventory:

Hand Weapons
 a - a +0 long sword (weapon)
Missiles
 h - 14 sling bullets
 j - 24 bolts
 Z - 34 stones (quivered)
Armour
 b - a +0 scale mail (worn)
 c - a +0 shield (worn)
 k - a +0 helmet (worn)
Jewellery
 n - a cursed -3 ring of dexterity (left hand)
Wands
 o - a wand of flame (21/48)
 q - a wand of paralysis (10/24)
Scrolls
 e - a scroll of enchant weapon {unknown}
 g - a scroll of remove curse {unknown}
Potions
 d - 3 potions of might {!q}
Books
 r - Kikubaaqudgha's Volume of Evil Arts
   (You found it on level 2 of the Dungeon)

   Spells                             Type                      Level
   a - Pain                           Necromancy                   1
Comestibles
 f - a bread ration {!e}
 i - 3 chunks of flesh


   Skills:
 - Level 3.0 Fighting
 * Level 4.9 Long Blades
 - Level 3.0 Armour
 - Level 3.0 Shields


You had 4 spell levels left.
You didn't know any spells.

Dungeon Overview and Level Annotations

Branches:
Dungeon (2/15)

Altars:
Kikubaaqudgha
Sif Muna
Vehumet


Message History

You are lethally poisoned!
The adder poisons you!
Unknown command.
Damage: 3 (max 6)
You hit the adder.
You kill the adder!
* * * LOW HITPOINT WARNING * * *
You feel sick.
Damage: 1 (max 6) Unknown command.
Drink which item? (? for menu, Esc to quit)
It was a potion of agility.
You feel agile all of a sudden.
* * * LOW HITPOINT WARNING * * *
You feel sick.
Damage: 2 (max 6) Drink which item? (? for menu, Esc to quit)
It was a potion of magic.
Magic courses through your body.
* * * LOW HITPOINT WARNING * * *
You feel sick.
Damage: 1 (max 6) Unknown command.
Drink which item? (? for menu, Esc to quit)
It was a potion of brilliance.
You feel clever all of a sudden.
* * * LOW HITPOINT WARNING * * *
You feel sick.
Damage: 1 (max 6)
* * * LOW HITPOINT WARNING * * *
You feel sick.
You see here an adder corpse.
Damage: 1 (max 6) Unknown command.
* * * LOW HITPOINT WARNING * * *
You feel sick.
Damage: 1 (max 6)
* * * LOW HITPOINT WARNING * * *
You feel sick.
Damage: 1 (max 6)
* * * LOW HITPOINT WARNING * * *
You feel sick.
* * * LOW HITPOINT WARNING * * *
You feel sick.
Found a stone staircase leading up and a stone staircase leading down.
Damage: 1 (max 6) Unknown command.
* * * LOW HITPOINT WARNING * * *
You feel sick.
Damage: 1 (max 6)
You die...

#..# # ... .# .#
#.#### #..# .##.#
......##.#.#.#.#
.........##...#
.............#
#.>......?...#
#......@.....#
....<###.....#######
... #..........[. .
#......#####
........#†#
.%......#.#
...#######†# ... #)#
.# #.#


There were no monsters in sight!

Vanquished Creatures
  Jessica (D:2)
  Ijyb (D:2)
  3 adders
  An ooze (D:2)
  5 bats
  4 goblins
  3 hobgoblins
  A quokka (D:2)
  2 giant newts
  4 kobolds
  5 rats
30 creatures vanquished.

Notes
Turn   | Place    | Note
--------------------------------------------------------------
     0 | D:1      | Gorice the Human Fighter began the quest for the Orb.
     0 | D:1      | Reached XP level 1. HP: 18/18 MP: 1/1
   189 | D:1      | Reached XP level 2. HP: 24/24 MP: 2/2
   702 | D:1      | Reached skill level 3 in Long Blades
  1037 | D:1      | Reached XP level 3. HP: 25/29 MP: 3/3
  1135 | D:2      | Noticed Jessica
  1146 | D:2      | Killed Jessica
  1146 | D:2      | Reached skill level 4 in Long Blades
  1146 | D:2      | Reached XP level 4. HP: 29/35 MP: 4/4
  1188 | D:2      | Found a radiant altar of Vehumet.
  1194 | D:2      | Noticed Ijyb
  1204 | D:2      | Killed Ijyb
  1222 | D:2      | Found an ancient bone altar of Kikubaaqudgha.
  1223 | D:2      | Found a deep blue altar of Sif Muna.
  1229 | D:2      | Identified Kikubaaqudgha's Volume of Evil Arts
  1379 | D:2      | Reached XP level 5. HP: 41/41 MP: 5/5
  1402 | D:2      | HP: 11/41 [adder (2)]
  1407 | D:2      | HP: 5/41 [poisoned by an adder]
  1411 | D:2      | HP: 2/41 [poisoned by an adder]
  1413 | D:2      | Succumbed to an adder's poison

Skill      XL: |  1  2  3 |
---------------+----------+-----
Long Blades    | 3 4 |  4.9
Fighting       | |  3.0
Armour         | |  3.0
Shields        | |  3.0

Action                   |  1- 3 |  4- 6 || total
-------------------------+-------+-------++-------
Melee: Long sword        |    76 |    56 ||   132
Throw: Stone             |     1 |       ||     1
  Use: Potion            |       |     3 ||     3
  Eat: Chunk             |     1 |     1 ||     2
Armor: Scale mail        |    37 |    18 ||    55
Dodge: Dodged            |    15 |    15 ||    30
Block: Shield            |    44 |    23 ||    67

Table legend:
 A = Turns spent in this place as a percentage of turns spent in the entire game.
 B = Non-inter-level travel turns spent in this place as a percentage of non-inter-level travel turns spent in the entire game.
 C = Inter-level travel turns spent in this place as a percentage of turns spent in this place.
 D = Turns resting spent in this place as a percentage of non-inter-level travel turns spent in this place.
 E = Turns spent auto-exploring this place as a percentage of non-inter-level travel turns spent in this place.
 F = Non-inter-level travel turns spent in this place divided by the number of levels of this place that you've seen.
                   A       B       C       D       E      F
               +-------+-------+-------+-------+-------+----------------------
         Total | 100.0 | 100.0 |   0.2 |   0.4 |   7.3 | 240.5
       Dungeon | 100.0 | 100.0 |   0.2 |   0.4 |   7.3 | 240.5
               +-------+-------+-------+-------+-------+----------------------

Vault maps used:
D:1:      grunt_arrival_crossed_arrows
D:2:      grunt_temple_overflow_magic_moments, first_bread,
          minmay_goblin_kobold_house, uniq_iyjb, uniq_jessica
